 Dungeon Crawl Stone Soup version 0.17.1-2-g5865329 (webtiles) character file.

91 Kuruc the Covered (level 4, -1/40 HPs)
             Began as a Minotaur Fighter on Jan 28, 2016.
             Was an Initiate of Gozag.
             Succumbed to Terence's poison
             ... on level 2 of the Dungeon.
             The game lasted 00:13:00 (929 turns).

Kuruc the Covered (Minotaur Fighter)                 Turns: 929, Time: 00:13:00

Health: -1/40      AC:  7    Str: 27    XL:     4   Next: 33%
Magic:  3/3        EV:  8    Int:  5    God:    Gozag
Gold:   114        SH: 10    Dex:  9    Spells: 0 memorised, 3 levels left

rFire  . . .     SeeInvis .     a - +0 war axe
rCold  . . .     Clarity  .     b - +0 scale mail
rNeg   . . .     SustAt   .     c - +0 shield
rPois  .         Gourm    .     (helmet restricted)
rElec  .         Spirit   .     (no cloak)
rCorr  .         Warding  .     (no gloves)
rMut   .         Stasis   .     (no boots)
MR     .....                    (no amulet)
Stlth  ..........               (no ring)
                                (no ring)

@: mighty, lethally poisoned (-1 -> -25), not resistant to hostile enchantments,
extremely unstealthy
A: retaliatory headbutt, horns 2
a: Potion Petition, Call Merchant, Bribe Branch, Renounce Religion


You were on level 2 of the Dungeon.
You worshipped Gozag.
Gozag was noncommittal.
You were not hungry.

You visited 1 branch of the dungeon, and saw 2 of its levels.

You collected 128 gold pieces.
You paid 14 gold pieces to Gozag.

Inventory:

Hand Weapons
 a - a +0 war axe (weapon)
Missiles
 f - 7 javelins (quivered)
 g - 82 stones
 i - 27 arrows
Armour
 b - a +0 scale mail (worn)
 c - a +0 shield (worn)
Scrolls
 j - a scroll of identify
 l - a scroll of remove curse
Comestibles
 e - 3 bread rations
 h - a meat ration
 k - 2 beef jerkies


   Skills:
 + Level 4.3 Fighting
 + Level 2.9 Axes
 + Level 1.1 Throwing
 + Level 4.6 Armour
 + Level 0.9 Dodging
 + Level 4.1 Shields


You had 3 spell levels left.
You didn't know any spells.

Dungeon Overview and Level Annotations

Branches:
Dungeon (2/15)

Altars:
Cheibriados
Dithmenos
Gozag
Ru

Annotations:
D:2 Terence


Innate Abilities, Weirdness & Mutations

You reflexively headbutt those who attack you in melee.
You have a pair of horns on your head.


Message History

You are more poisoned.
Your shield prevents you from hitting Terence.
Terence is moderately wounded.
* * * LOW HITPOINT WARNING * * *
You feel very sick. Terence hits you with a flail of venom.
* * * LOW HITPOINT WARNING * * *
You are more poisoned.
Terence closely misses you. You furiously retaliate!
You headbutt Terence.
* * * LOW HITPOINT WARNING * * *
You feel sick.
* * * LOW HITPOINT WARNING * * *
You feel very sick.
* * * LOW HITPOINT WARNING * * *
You feel sick.
* * * LOW HITPOINT WARNING * * *
You feel sick.
You feel very mighty all of a sudden.
You die...
Your body crumbles into a pile of gold.

#######....#####.#.......
...................#
#######)##.#########
#.##.# #.##.#######
#..........#
##########.#####.#
...........# #.#
############ #@# #@# #.#
# #K##.# #....# ######


You could see Terence and a kobold.

Vanquished Creatures
  Jessica (D:2)
  Robin (D:2)
  2 adders (D:2)
  A worm (D:2)
  2 giant geckos (D:1)
  A ball python (D:1)
  5 bats (D:1)
  5 giant cockroaches (D:1)
  6 goblins
  2 hobgoblins (D:2)
  3 giant newts
  3 kobolds (D:1)
  3 rats
35 creatures vanquished.

Notes
Turn   | Place    | Note
--------------------------------------------------------------
     0 | D:1      | Kuruc the Minotaur Fighter began the quest for the Orb.
     0 | D:1      | Reached XP level 1. HP: 19/19 MP: 0/0
   118 | D:1      | Reached skill level 4 in Armour
   118 | D:1      | Reached XP level 2. HP: 27/27 MP: 1/1
   502 | D:1      | :
   504 | D:2      | Reached XP level 3. HP: 33/33 MP: 2/2
   509 | D:2      | Found an opulent altar of Gozag.
   510 | D:2      | Found a snail-covered altar of Cheibriados.
   511 | D:2      | Found a sacrificial altar of Ru.
   511 | D:2      | Found a shadowy altar of Dithmenos.
   550 | D:2      | Became a worshipper of Gozag Ym Sagoz the Greedy
   567 | D:2      | Noticed Jessica
   584 | D:2      | HP: 1/33 [Jessica/nerve-wracking pain (12)]
   586 | D:2      | Killed Jessica
   586 | D:2      | Reached XP level 4. HP: 1/40 MP: 3/3
   851 | D:2      | Noticed Robin
   878 | D:2      | Killed Robin
   878 | D:2      | Reached skill level 1 in Throwing
   920 | D:2      | Noticed Terence
   927 | D:2      | HP: 2/40 [poisoned by Terence]
   929 | D:2      | Succumbed to Terence's poison

Action                   |  1- 3 |  4- 6 || total
-------------------------+-------+-------++-------
Melee: War axe           |    48 |    11 ||    59
Throw: Javelin           |    12 |    15 ||    27
       Stone             |       |    11 ||    11
  Use: Scroll            |     3 |       ||     3
       Potion            |     1 |     1 ||     2
